Map: Thunderbird LE

Players

Hellraiser - Winner!

  • Race: Protoss Protoss
  • Spawn Location: 11:00

hinO

  • Race: Zerg Zerg
  • Spawn Location: 5:00

Event: 2019 WCS Summer

VOD

Have the link to the VOD?

Description

Time

  • Played on: July 12, 2019, 9:25 a.m.
  • Length: 12:14

All games in this series

Show
View Real Time Build Order
Export as new Build Order

Hellraiser Protoss - Winner!

Build Orders: 1 Gate Expand, Oracle Opening, Phoenix Opening, Mass Phoenix 

Get SALT Encoding   

  12  0:00  Probe  
  13  0:12  Probe  
  14  0:19  Pylon  
  14  0:24  Probe  
  15  0:33  Probe  
  15  0:38  Gateway  
  15  0:41  Probe  
  16  0:47  Assimilator  
  17  0:53  Probe  
  18  1:05  Probe  
  19  1:20  Nexus  
  19  1:23  Probe  
  20  1:33  Cybernetics Core  
  20  1:35  Probe  
  21  1:41  Assimilator  
  21  1:47  Probe  
  21  1:52  Pylon  
  22  1:59  Probe  
  22  2:00  Adept  
  23  2:12  Probe  
  26  2:20  Adept  
  26  2:21  Stargate  
  26  2:24  Probe  
  26  2:28  Probe  
  27  2:35  Warp Gate  
  27  2:36  Probe x2  
  32  2:46  Probe  
  32  2:48  Probe  
  32  2:50  Adept  
  36  2:58  Probe, Phoenix  
  36  3:00  Probe  
  40  3:10  Probe  
  40  3:12  Probe  
  42  3:13  Pylon  
  42  3:23  Probe  
  42  3:24  Probe  
  42  3:25  Oracle  
  47  3:38  Probe x2  
  47  3:40  Assimilator  
  47  3:42  Assimilator  
  47  3:46  Gateway  
  47  3:50  Probe  
  47  3:51  Probe  
  49  3:55  Stargate  
  49  3:58  Shield Battery  
  49  4:02  Probe, Phoenix  
  48  4:03  Probe  
  51  4:10  Pylon  
  51  4:14  Probe  
  51  4:15  Pylon  
  51  4:16  Probe  
  53  4:24  Phoenix  
  53  4:26  Probe  
  53  4:28  Pylon  
  53  4:30  Zealot  
  58  4:35  Pylon  
  58  4:36  Phoenix  
  58  4:38  Protoss Air Weapons Level 1  
  59  4:40  Zealot  
  59  4:45  Pylon  
  62  4:46  Probe  
  62  4:49  Phoenix  
  65  4:55  Zealot  
  68  5:00  Probe, Phoenix  
  70  5:10  Phoenix  
  70  5:14  Nexus  
  70  5:17  Probe  
  70  5:20  Probe  
  74  5:22  Zealot  
  74  5:25  Phoenix  
  78  5:34  Phoenix  
  78  5:35  Zealot  
  80  5:37  Pylon  
  80  5:42  Phoenix  
  82  5:43  Probe x2  
  82  5:44  Pylon  
  84  5:55  Robotics Facility  
  86  6:01  Phoenix  
  88  6:05  Zealot, Shield Battery, Phoenix  
  88  6:10  Probe  
  93  6:15  Probe  
  93  6:16  Zealot  
  96  6:21  Twilight Council  
  96  6:26  Phoenix  
  96  6:27  Probe, Phoenix, Pylon  
  96  6:32  Probe  
  99  6:34  Probe  
  99  6:39  Probe  
  104  6:41  Immortal  
  104  6:43  Probe  
  108  6:47  Probe  
  108  6:52  Probe  
  111  6:55  Probe  
  111  6:59  Blink  
  112  7:02  Assimilator, Probe, Forge  
  112  7:04  Probe  
  112  7:05  Assimilator  
  114  7:09  Probe  
  114  7:14  Probe  
  116  7:16  Immortal  
  116  7:21  Robotics Bay  
  118  7:28  Pylon  
  118  7:29  Gateway, Pylon  
  120  7:30  Gateway  
  120  7:43  Immortal  
  118  7:49  Sentry x2  
  120  7:53  Gateway  
  120  7:56  Gateway x2  
  120  7:57  Gateway, Protoss Ground Weapons Level 1  
  124  8:00  Probe x2, Pylon  
  126  8:06  Colossus  
  126  8:22  Shield Battery  
  126  8:25  Photon Cannon  
  126  8:26  Nexus  
  132  8:27  Extended Thermal Lance  
  132  8:28  Pylon  
  132  8:39  Sentry x2  
  132  8:41  Stalker  
  138  8:42  Stalker  
  138  8:45  Pylon  
  140  8:51  Probe x2  
  140  8:53  Probe  
  143  8:56  Photon Cannon  
  149  9:03  Forge, Probe  
  149  9:04  Probe  
  149  9:05  Assimilator  
  149  9:07  Colossus  
  149  9:09  Assimilator  
  151  9:15  Charge  
  149  9:19  Templar Archives  
  149  9:22  Stalker x4  
  157  9:33  Stalker x3  
  157  9:35  Protoss Ground Armor Level 1  
  153  9:50  Shield Battery x2  
  153  9:52  Colossus, Shield Battery  
  153  9:54  Photon Cannon  
  153  9:58  Probe, Psionic Storm  
  154  10:01  High Templar x2  
  154  10:06  Archon  
  164  10:07  Zealot x3  
  168  10:29  Gateway  
  168  10:33  High Templar x2, Gateway, Pylon  
  168  10:34  Pylon  
  172  10:36  High Templar, Pylon  
  174  10:43  Observer  
  174  10:49  Nexus  
  175  10:51  Pylon  
  175  10:57  High Templar x2  
  175  10:58  Stalker x2  
  175  10:59  Stalker  
  175  11:01  Warp Prism  
  187  11:14  Probe  
  187  11:18  Photon Cannon  
  188  11:20  Photon Cannon x2  
  188  11:22  Photon Cannon  
  188  11:24  Photon Cannon  
  188  11:25  Shield Battery  
  186  11:31  Stalker x4  
  186  11:32  Stalker x3  
  161  11:44  Archon  
  153  11:48  Stalker  
  153  11:49  Stalker x2  
  153  11:50  Probe  
  153  11:51  Probe  
  149  12:03  Stalker x5  
Show
View Real Time Build Order
Export as new Build Order

hinO Zerg 

Build Orders: Hatch First 

Get SALT Encoding   

  12  0:00  Drone  
  13  0:15  Overlord  
  13  0:18  Drone  
  14  0:33  Drone x2  
  16  0:51  Hatchery  
  16  0:53  Drone  
  16  0:56  Drone  
  17  0:58  Drone  
  18  1:10  Extractor  
  17  1:14  Spawning Pool  
  17  1:17  Drone  
  17  1:20  Drone  
  18  1:32  Drone  
  19  1:48  Hatchery  
  19  1:51  Drone  
  19  1:56  Drone  
  20  2:04  Queen  
  22  2:10  Metabolic Boost  
  22  2:16  Zergling x2  
  22  2:17  Zergling x2  
  22  2:20  Drone  
  25  2:24  Drone  
  25  2:29  Overlord  
  26  2:37  Queen  
  28  2:48  Drone x3  
  31  2:52  Drone x2  
  33  2:58  Overlord  
  33  3:02  Queen  
  33  3:04  Drone  
  36  3:06  Drone  
  36  3:08  Drone  
  36  3:11  Drone  
  39  3:13  Drone  
  39  3:16  Drone  
  39  3:17  Drone  
  41  3:24  Zergling x6  
  41  3:25  Zergling x2  
  40  3:34  Drone  
  40  3:35  Drone  
  40  3:42  Drone x2  
  40  3:46  Drone  
  42  3:50  Drone x4  
  42  3:53  Spore Crawler  
  42  3:55  Spore Crawler  
  44  3:56  Drone  
  44  4:02  Overlord  
  45  4:05  Overlord  
  45  4:10  Spore Crawler  
  43  4:20  Drone x4  
  43  4:21  Drone x2  
  43  4:23  Overlord  
  43  4:24  Overlord  
  49  4:31  Overlord  
  49  4:32  Drone  
  49  4:34  Overlord  
  50  4:39  Extractor, Evolution Chamber  
  50  4:40  Drone, Roach Warren  
  50  4:43  Drone  
  50  4:44  Drone x3  
  52  4:51  Drone x5  
  56  4:55  Drone x2  
  56  4:59  Drone x2  
  59  5:08  Spore Crawler x2  
  59  5:10  Spore Crawler  
  59  5:12  Spore Crawler  
  59  5:13  Spore Crawler  
  54  5:17  Extractor, Spore Crawler  
  54  5:18  Lair, Extractor  
  52  5:21  Drone  
  52  5:22  Drone  
  52  5:25  Drone x3  
  52  5:27  Drone x2  
  59  5:30  Zerg Melee Weapons Level 1  
  59  5:31  Drone  
  59  5:33  Drone  
  61  5:38  Drone  
  61  5:40  Drone x2  
  64  5:44  Zergling x6  
  64  5:47  Overlord  
  64  5:48  Drone  
  64  5:49  Drone x3  
  71  5:53  Drone  
  71  5:55  Drone  
  73  5:58  Drone x2  
  73  6:01  Drone x2, Baneling Nest  
  73  6:02  Drone  
  73  6:06  Overlord x2  
  73  6:09  Drone  
  74  6:12  Overlord  
  74  6:16  Drone, Evolution Chamber  
  74  6:18  Extractor  
  73  6:19  Extractor  
  73  6:20  Hydralisk Den  
  73  6:21  Drone x2  
  73  6:22  Drone  
  74  6:26  Drone x2  
  74  6:27  Drone x2  
  74  6:29  Drone  
  74  6:30  Drone  
  74  6:31  Overseer  
  80  6:33  Drone  
  80  6:34  Drone x2  
  81  6:42  Zergling x8  
  81  6:45  Centrifical Hooks  
  85  6:49  Hydralisk x4  
  85  6:53  Grooved Spines  
  92  6:57  Drone  
  92  6:58  Drone  
  92  7:04  Hydralisk  
  92  7:05  Hydralisk x2  
  95  7:09  Overlord  
  95  7:10  Zerg Missile Weapons Level 1  
  95  7:15  Hydralisk  
  97  7:18  Overlord  
  97  7:20  Overlord x3  
  97  7:21  Overlord x2  
  97  7:24  Zerg Melee Weapons Level 2  
  97  7:27  Overlord  
  97  7:31  Hydralisk  
  97  7:32  Hydralisk  
  93  7:40  Drone x3  
  93  7:41  Drone  
  95  7:44  Hydralisk x3  
  95  7:51  Drone x2  
  99  8:00  Hydralisk x2  
  102  8:06  Drone x3  
  102  8:08  Hydralisk x2, Hatchery  
  106  8:13  Hydralisk x2  
  106  8:16  Overseer  
  106  8:17  Overlord  
  106  8:18  Hydralisk  
  112  8:20  Hydralisk  
  112  8:26  Muscular Augments  
  114  8:28  Hydralisk x2  
  118  8:35  Hydralisk x2, Overlord  
  118  8:39  Overlord  
  118  8:41  Hydralisk x2  
  122  8:44  Drone x2  
  122  8:46  Drone x2  
  129  8:49  Drone  
  129  8:50  Drone x2  
  129  8:52  Zergling x4  
  134  8:57  Zergling x2  
  134  9:00  Zergling x2  
  134  9:01  Baneling x9  
  136  9:04  Hydralisk x2  
  136  9:09  Drone  
  140  9:10  Drone x2  
  140  9:12  Zergling x6  
  140  9:16  Baneling  
  143  9:17  Baneling x5  
  143  9:19  Zergling x4  
  145  9:24  Drone x3  
  145  9:25  Spore Crawler  
  145  9:27  Spore Crawler  
  145  9:29  Zergling x2  
  147  9:34  Hydralisk x3  
  153  9:38  Zergling x2  
  153  9:42  Baneling  
  153  9:43  Baneling x9  
  153  9:44  Zergling x10  
  159  9:51  Overlord x2  
  159  9:58  Zerg Ground Armor Level 1, Zerg Missile Weapons Level 2  
  158  10:00  Overlord x2  
  158  10:09  Drone x3  
  158  10:10  Drone x2, Lurker Den  
  158  10:11  Extractor  
  158  10:12  Extractor  
  160  10:15  Drone x3  
  160  10:16  Drone  
  160  10:18  Drone x3  
  164  10:22  Queen  
  166  10:28  Zergling x2  
  166  10:29  Infestation Pit, Zergling x10  
  171  10:36  Baneling x3  
  171  10:37  Baneling x5  
  171  10:39  Zergling x2  
  171  10:40  Zergling x6  
  171  10:41  Zergling x2  
  171  10:42  Hatchery  
  175  10:44  Baneling x2  
  171  10:59  Drone x2  
  171  11:00  Drone x2, Spire  
  174  11:04  Spore Crawler  
  174  11:05  Spine Crawler x2  
  174  11:06  Spine Crawler  
  174  11:09  Drone x3  
  173  11:16  Zergling x14  
  180  11:18  Drone x2  
  180  11:21  Zergling x6  
  180  11:23  Spine Crawler  
  180  11:25  Spine Crawler  
  180  11:29  Zergling x8  
  180  11:32  Zergling x6  
  177  11:38  Hydralisk x3  
  147  11:42  Zergling x4  
  147  11:43  Zergling x4  
  122  11:49  Hydralisk x2  
  122  11:53  Zergling x4  
  107  11:55  Zergling x2  
Tags
 
Add a new tag
Caveats
  • Supply blocks, unpowered buildings, or Contaminate may cause inaccurate times.
  • Supply counts are checked every 10 seconds.